AoeStats
← Riptide320

Arabian Desert

510369070Analyzed
1v1 RM · 9h ago on Sep 30, 2026· 19m 51s· 2 players
Game mode
Random Map
Map size
Tiny (2 player)
Population
200
Speed
Normal
Resources
Standard
Victory
Conquest
Starting age
Dark Age
Ending age
Imperial Age
RankedLock teamsTeams togetherTeam positionsShared explorationLock speedFull tech treeHidden civsTurbo modeCheats
Victory
Defeat
🇹🇼 Wei · Taiwan
890
+16
🇺🇸 Teutons · United States
883
-16
Riptide320
6:20 Loom
10:15 Feudal Age
10:25 Man-at-Arms
17:12 Double-Bit Axe
台灣大表哥
1:19 Loom
10:04 Feudal Age
10:48 Double-Bit Axe
10:46 Horse Collar
11:43 Town Watch
Connection lost

Rejoining the realm…

Still unreachable

The connection could not be restored.

Session expired

The server has moved on; the page needs a fresh start.